 Dungeon Crawl Stone Soup version 0.21-a0-348-ga060c75 (webtiles) character file.

26 Internecine the Vexing (level 3, -1/28 HPs)
             Began as a Gnoll Arcane Marksman on Oct 6, 2017.
             Slain by a kobold
             ... wielding a +0 short sword
              (6 damage)
             ... on level 1 of the Dungeon.
             The game lasted 00:04:03 (446 turns).

Internecine the Vexing (Gnoll Arcane Marksman)       Turns: 446, Time: 00:04:04

Health: -1/28      AC:  2    Str:  9 (12) XL:     3   Next: 8%
Magic:  7/7        EV: 14    Int: 13 (15) God:
Gold:   10         SH:  0    Dex: 15 (16) Spells: 6/7 levels left

rFire    . . .     SeeInvis .   b - +0 whip
rCold    . . .     Gourm    .   (no shield)
rNeg     . . .     Faith    .   e - +0 robe
rPois    .         Spirit   .   (no helmet)
rElec    .         Reflect  .   (no cloak)
rCorr    .         Harm     .   (no gloves)
MR       .....                  (no boots)
Stlth    ++........             (no amulet)
HPRegen  0.09/turn              (no ring)
MPRegen  0.10/turn              (no ring)

@: no status effects
A: distributed training, fangs 1, strong nose
a: no special abilities


You were on level 1 of the Dungeon.
You were not hungry.

You visited 1 branch of the dungeon, and saw 1 of its levels.

You collected 10 gold pieces.

Inventory:

Hand Weapons
 a - a +0 hand crossbow
 b - a +0 whip (weapon)
Armour
 e - a +0 robe (worn)
Books
 c - a book of Debilitation

   Spells                             Type                      Level
   a - Corona                         Hexes                        1
   b - Slow                           Hexes                        2
   c - Inner Flame                    Hexes/Fire                   3
   d - Portal Projectile              Hexes/Translocation          3
   e - Cause Fear                     Hexes                        4
   f - Leda's Liquefaction            Hexes/Earth                  4
Comestibles
 f - a bread ration
 g - 2 chunks of flesh


   Skills:
 + Level 2.5 Fighting
 + Level 0.6 Short Blades
 + Level 0.6 Long Blades
 + Level 0.6 Axes
 + Level 0.6 Maces & Flails
 + Level 0.6 Polearms
 + Level 0.6 Staves
 + Level 0.6 Slings
 + Level 0.6 Bows
 + Level 4.5 Crossbows
 + Level 0.6 Throwing
 + Level 0.6 Armour
 + Level 4.5 Dodging
 + Level 0.6 Stealth
 + Level 0.6 Shields
 + Level 0.6 Unarmed Combat
 + Level 2.8 Spellcasting
 + Level 0.6 Conjurations
 + Level 6.5 Hexes
 + Level 0.6 Charms
 + Level 0.6 Summonings
 + Level 0.6 Necromancy
 + Level 0.6 Translocations
 + Level 0.6 Transmutations
 + Level 0.6 Fire Magic
 + Level 0.6 Ice Magic
 + Level 0.6 Air Magic
 + Level 0.6 Earth Magic
 + Level 0.6 Poison Magic
 + Level 0.6 Invocations
 + Level 0.6 Evocations


You had 6 spell levels left.
You knew the following spells:

 Your Spells              Type           Power        Failure   Level  Hunger
a - Corona                Hex            ###....      1%          1    #......


Dungeon Overview and Level Annotations

Branches:
Dungeon (1/15)

Altars:


Innate Abilities, Weirdness & Mutations

Your experience applies equally to all skills.
You have very sharp teeth.
Your uncanny sense of smell can sniff out nearby items.


Message History

The frilled lizard bites you.
* * * LOW HITPOINT WARNING * * *
The kobold hits you but does no damage. The frilled lizard barely misses you.
The frilled lizard bites you.
* * * LOW HITPOINT WARNING * * *
Some of the chunks of flesh in your inventory have rotted away.
The kobold hits you but does no damage.
You see here a whip.
b - a whip The kobold hits you but does no damage.
The frilled lizard misses you.
Wield which item (- for none, * to show all)? (? for menu, Esc to quit)
b - a +0 whip (weapon)
The kobold closely misses you.
You hit the frilled lizard.
You bite the frilled lizard, but do no damage.
The frilled lizard is heavily wounded.
The frilled lizard bites you.
* * * LOW HITPOINT WARNING * * *
The kobold hits you with a short sword.
You die...

#......# #...# #......# ##.#.#
#......# #....# #......# ###.##
#########'####### ###
.......).........
...........###### ...........#
.........@.######
########Kl......# #........#
############# #........#
#...........# #........#
#...........# #........# ######
#...........# #........#####.....
#...........###..^...............
#......................(.........


You could see a kobold and a frilled lizard.

Vanquished Creatures
  2 dart slugs (D:1)
  2 giant cockroaches (D:1)
  A goblin (D:1)
  2 hobgoblins (D:1)
  3 jackals (D:1)
  6 kobolds (D:1)
  A bat (D:1)
  2 frilled lizards (D:1)
  2 rats (D:1)
21 creatures vanquished.

Notes
Turn   | Place    | Note
-------+----------+-------------------------------------------
     0 | D:1      | Internecine the Gnoll Arcane Marksman began the quest for the Orb.
     0 | D:1      | Reached XP level 1. HP: 17/17 MP: 4/4
   141 | D:1      | Reached XP level 2. HP: 13/23 MP: 5/5
   315 | D:1      | Reached XP level 3. HP: 25/28 MP: 5/7
   446 | D:1      | Slain by a kobold

Vault maps used:
D:1:      dpeg_cavernosity

Action                   || total
-------------------------++-------
Melee: Hand crossbow     ||    19
       Bite              ||     4
       Whip              ||     1
       Punch             ||     1
 Fire: Hand crossbow     ||    49
Throw: Stone             ||     1
 Cast: Corona            ||     2
  Use: Potion            ||     2
Armor: Robe              ||     6
Dodge: Dodged            ||    52

Table legend:
 A = Spawn XP
 B = Non-spawn XP
 C = Spawn XP percentage of total XP
 D = Spawn monster count
 E = Non-spawn monster count
 F = Spawn count percentage of total count
 G = Total turns spent on level
                    A         B        C        D         E        F      G
               +---------+---------+-------+---------+---------+-------+---------
         Total |       0 |      38 |   0.0 |       0 |      21 |   0.0 |   446
               +---------+---------+-------+---------+---------+-------+---------
           D:1 |       0 |      38 |   0.0 |       0 |      21 |   0.0 |   446
               +---------+---------+-------+---------+---------+-------+---------
